Map: Golden Wall LE

Players

ThicDicDaddy

  • Race: Zerg Zerg
  • Spawn Location: 5:00

JohnnyV - Winner!

  • Race: Terran Terran
  • League: Silver
  • Spawn Location: 7:00

VOD

Have the link to the VOD?

Description

Time

  • Played on: May 18, 2020, 3:09 p.m.
  • Length: 3:27
Show
View Real Time Build Order
Export as new Build Order

ThicDicDaddy Zerg 

Build Orders: Hatch First 

Get SALT Encoding   

  12  0:13  Overlord  
  12  0:16  Drone  
  12  0:18  Drone  
  14  0:32  Drone  
  15  0:44  Drone  
  16  0:53  Hatchery  
  16  0:55  Drone  
  16  0:58  Extractor  
  16  1:01  Drone  
  16  1:11  Drone  
  17  1:20  Drone  
  18  1:29  Drone  
  19  1:41  Spawning Pool  
  19  1:46  Evolution Chamber  
  17  1:48  Drone  
  18  1:54  Drone  
  18  1:59  Extractor  
  18  2:05  Drone  
  19  2:12  Drone  
  19  2:14  Drone  
  21  2:23  Drone  
  21  2:27  Drone  
  21  2:28  Drone  
  24  2:31  Queen  
  26  2:40  Drone  
  26  2:43  Overlord  
  27  2:57  Drone  
  28  3:08  Zergling x4  
Show
View Real Time Build Order
Export as new Build Order

JohnnyV Terran - Winner!

Build Orders:  

Get SALT Encoding   

  12  0:01  SCV  
  13  0:17  Supply Depot  
  13  0:19  SCV  
  14  0:35  SCV  
  15  0:41  Supply Depot  
  15  0:47  SCV  
  16  0:54  Refinery  
  16  0:59  SCV  
  17  1:08  Barracks  
  17  1:11  SCV  
  18  1:19  Barracks  
  18  1:27  Supply Depot  
  18  1:29  SCV  
  19  1:41  SCV  
  20  1:53  SCV  
  21  1:57  Marine  
  22  2:04  Bunker  
  22  2:06  SCV, Marine  
  24  2:15  Marine  
  24  2:18  SCV  
  26  2:24  Marine  
  27  2:30  SCV  
  27  2:33  Marine  
  29  2:40  Supply Depot  
  29  2:42  Marine  
  30  2:46  Supply Depot  
  30  2:51  Marine  
  31  3:00  Marine  
  32  3:09  Marine  
  33  3:12  Bunker  
Tags
 
League
Silver
Matchup
TvZ
Spawn Locations
Close Positions
Add a new tag
Caveats
  • Supply blocks, unpowered buildings, or Contaminate may cause inaccurate times.
  • Supply counts are checked every 10 seconds.